 Dungeon Crawl Stone Soup version 0.31-a0-1178-gc5c9b8f871 (webtiles) character file.

Game seed: 16809698962307549392

98841 RabbitInGlasses the Bludgeoner (level 15, -10/138 HPs)
             Began as a Minotaur Berserker on Dec 11, 2023.
             Was a High Priest of Trog.
             Mangled by a lindwurm (11 damage)
             ... on level 4 of the Swamp.
             The game lasted 01:41:35 (25251 turns).

RabbitInGlasses the Bludgeoner (MiBe)              Turns: 25251, Time: 01:41:35

Health: -10/138    AC: 32    Str: 25    XL:     15   Next: 76%
Magic:  0/14       EV: 12    Int:  4    God:    Trog [*****.]
Gold:   1795       SH: 18    Dex: 14    Spells: 14/14 levels left

rFire   + . .        o - +7 morningstar (protect)
rCold   . . .        D - +0 tower shield
rNeg    . . .        U - +3 plate armour {rF+}
rPois   +            (helmet restricted)
rElec   .            s - +0 cloak
rCorr   +            V - +1 pair of gloves {infuse}
SInv    .            a - +0 pair of boots
Will    +++..        Y - amulet of regeneration Stlth
                     O - ring of resist corrosion
HPRegen 2.23/turn    d - ring of poison resistance
MPRegen 0.14/turn

%: no passive effects
@: strong-willed, under a protective aura, on berserk cooldown, regenerating,
slowed, very slow
A: horns 2, retaliatory headbutt
a: Renounce Religion, Berserk, Trog's Hand, Brothers in Arms


You were on level 4 of the Swamp.
You worshipped Trog.
Trog was extremely pleased with you.
You visited 3 branches of the dungeon, and saw 22 of its levels.
You also visited: Bailey and Volcano.

You collected 1995 gold pieces.
You spent 200 gold pieces at shops.

Inventory:

Hand Weapons
 o - a +7 morningstar of protection (weapon)
Missiles
 h - 47 poisoned darts (quivered)
 v - 2 atropa-tipped darts
 C - 4 curare-tipped darts
Armour
 a - a +0 pair of boots (worn)
 s - a +0 cloak (worn)
 D - a +0 tower shield (worn)
 U - a +3 plate armour of fire resistance (worn)
 V - a +1 pair of gloves of infusion (worn)
Jewellery
 b - a ring of fire
 d - a ring of poison resistance (right hand)
 u - a ring of protection from cold
 H - a ring of flight
 M - a +6 ring of strength
 N - a ring of willpower
 O - a ring of resist corrosion (left hand)
 S - a +4 ring of protection
 Y - an amulet of regeneration (around neck)
Wands
 E - a wand of paralysis (22)
 Q - a wand of flame (35)
 R - a wand of roots (30)
 X - a wand of digging (2)
Scrolls
 c - 5 scrolls of fear
 e - 2 scrolls of silence {unknown}
 f - 3 scrolls of noise
 i - 2 scrolls of revelation {unknown}
 j - 3 scrolls of fog
 n - 3 scrolls of blinking {unknown}
 q - 10 scrolls of enchant armour
 w - 4 scrolls of poison
 y - 13 scrolls of teleportation
 G - 3 scrolls of torment {unknown}
 I - 3 scrolls of immolation {unknown}
 L - 6 scrolls of enchant weapon
 T - 3 scrolls of vulnerability {unknown}
 W - 2 scrolls of brand weapon {unknown}
 Z - a scroll of butterflies {unknown}
Potions
 g - 4 potions of cancellation
 k - 24 potions of curing
 l - 3 potions of attraction {unknown}
 m - 2 potions of magic
 p - 2 potions of enlightenment {unknown}
 r - 2 potions of ambrosia {unknown}
 t - a potion of resistance {unknown}
 x - 2 potions of degeneration {unknown}
 z - 2 potions of mutation {unknown}
 A - 5 potions of might
 B - 4 potions of heal wounds
 F - 3 potions of brilliance {unknown}
 K - 9 potions of haste
 P - 2 potions of invisibility {unknown}


   Skills:
 + Level 14.2 Fighting
 + Level 15.3 Maces & Flails
 - Level 10.0 Throwing
 + Level 14.2 Armour
 + Level 13.6 Dodging
 - Level 4.0 Stealth
 + Level 14.2 Shields


You had 14 spell levels left.
You didn't know any spells.
Your spell library was empty.

Dungeon Overview and Level Annotations

Branches:
Dungeon (13/15)            Temple (0/1) D:7            Lair (5/5) D:9
  Swamp (4/4) Lair:3       Spider (0/4) Lair:2        Slime (0/5) Lair:5
    Orc (0/2) D:11         Bailey (visited)         Volcano (visited)
 Vaults: D:13-14

Altars:
Fedhas
Makhleb
Sif Muna
Uskayaw
Vehumet
Xom
Yredelemnul
Zin
The Shining One
Jiyva

Shops:
D:2 [   D:5 =   D:13 (


Innate Abilities, Weirdness & Mutations

You have a pair of horns on your head.
You reflexively headbutt those who attack you in melee.


Message History

* * * LOW HITPOINT WARNING * * *
You block the lindwurm's attack.
The lindwurm claws you but does no damage. x2
The swamp dragon completely misses you.
The swamp dragon claws you but does no damage.
The swamp dragon tramples you but does no damage.
The six-headed hydra bites you but does no damage. x2
The six-headed hydra misses you. The six-headed hydra barely misses you.
The six-headed hydra bites you but does no damage.
The six-headed hydra misses you.
The spriggan hits you from afar with a +0 spear.
* * * LOW HITPOINT WARNING * * *
You puncture the six-headed hydra!
Your weapon exudes an aura of protection.
The six-headed hydra is moderately wounded.
You block the swamp dragon's attack. The swamp dragon barely misses you.
You block the swamp dragon's attack. You block the lindwurm's attack.
The lindwurm claws you but does no damage. x2
The lindwurm breathes flames at you. The blast of flame misses you.
You block the swamp dragon's attack.
The swamp dragon claws you but does no damage.
The swamp dragon closely misses you.
The six-headed hydra bites you but does no damage. x2
The six-headed hydra barely misses you. The six-headed hydra bites you.
* * * LOW HITPOINT WARNING * * *
The six-headed hydra bites you but does no damage. x2
The spriggan hits you but does no damage.
The swamp dragon bites you but does no damage.
The swamp dragon claws you but does no damage.
The swamp dragon closely misses you.
The lindwurm bites you but does no damage.
The lindwurm claws you!
* * * LOW HITPOINT WARNING * * *
The lindwurm claws you but does no damage.
The swamp dragon bites you.
* * * LOW HITPOINT WARNING * * *
The swamp dragon claws you but does no damage.
The swamp dragon tramples you but does no damage.
The lindwurm bites you!
You die...

♣.~~~♣♣♣(.~~~
♣♣~~~.~♣♣♣♣♣.~ ♣♣♣♣
♣.§~~....~♣..~
♣~~♣♣♣.~§~.~†.[...♣
♣♣...♣♣~~~..~[†.~†.~
♣♣..~.♣♣~....~~.~~÷~†
♣~~~.~♣..~~.~~~..~~~.
♣.~~..~.~.~~~♣~~.~.~.
♣~~k@D~...~~###~♣#~~.
♣♣.kDD~.~~♣♣# ♣####♣~
♣♣§~i†.~.#♣ #♣
♣~.††.~~♣# #
♣..R§~~## ♣♣..♣~.#
♣♣~.~... ♣~.~♣#.k
♣♣~.. #♣.k


You could see an eleionoma, a six-headed hydra, 2 swamp dragons, 2 lindwurms and
a spriggan.

Vanquished Creatures
  Mlioglotl (Swamp:3)
  Frances (D:12)
  Kirke (Swamp:1)
  A fenstrider witch (Swamp:2)
  Louise (Swamp:3)
  3 eleionomae
  A bunyip (Swamp:2)
  Josephine (D:10)
  12 hydras
  A merfolk avatar (Lair:5)
  2 catoblepae (Lair:1)
  4 two-headed ogres
  4 alligators
  3 boulder beetles
  A centaur warrior (D:13)
  The ghost of Beryl the Grappler, a novice TrSh of Wu Jian (D:8)
  A tengu warrior (D:13)
  The ghost of Eugor the Eclecticist, a journeyman DECj of Vehumet (Lair:1)
  A hell knight (Volcano)
  A fire crab (Lair:5)
  13 spriggans
  A salamander mystic (Volcano)
  4 goliath frogs
  3 skeletal warriors (D:13)
  5 bog bodies
  10 swamp dragons
  A lindwurm (Swamp:4)
  A spriggan druid (Swamp:3)
  3 orc knights (Bailey)
  A harpy (Lair:5)
  An ugly thing (D:13)
  A cyclops (D:12)
  4 manticores
  5 will-o-the-wisps
  4 salamanders (Volcano)
  7 elephants (Lair:5)
  6 black mambas
  4 slime creatures (D:12)
  3 torpor snails
  A gargoyle (Volcano)
  A molten gargoyle (Volcano)
  4 cane toads
  Maggie (D:8)
  2 rime drakes (Lair:5)
  11 komodo dragons
  A troll (D:11)
  2 polar bears
  7 tyrant leeches
  16 hornets
  A wind drake (Lair:5)
  28 blink frogs
  A snapping turtle (Lair:5)
  41 yaks
  2 shadows
  7 wraiths
  4 wyverns
  8 basilisks
  A fire bat (Volcano)
  6 vampire mosquitoes
  3 hogs (Swamp:1)
  2 steam dragons
  4 redbacks (Lair:2)
  Edmund (D:4)
  13 swamp worms
  2 acid dragons
  19 water moccasins
  4 ice beasts
  7 orc warriors
  5 swamp drakes (Swamp:4)
  4 sky beasts
  2 black bears
  7 centaurs
  19 wolves
  3 ogres
  3 kobold brigands
  A gnoll sergeant (D:9)
  Blork the orc (D:4)
  13 bullfrogs
  A wyvern zombie (D:8)
  4 scorpions
  7 wights
  16 killer bees
  8 howler monkeys
  An electric eel (Lair:5)
  5 lava snakes
  A crimson imp (D:7)
  2 jellies
  2 gnoll boudas
  5 orc priests
  7 hounds
  Terence (D:2)
  8 orc wizards
  2 sleepcaps
  5 iguanas
  A howler monkey zombie (D:8)
  13 gnolls
  9 adders
  A white imp (D:7)
  3 ufetubi
  3 worms (D:2)
  3 dart slugs
  87 orcs
  9 bats
  6 endoplasms
  8 giant cockroaches
  9 goblins
  10 hobgoblins
  5 quokkas
  8 ball pythons
  4 frilled lizards
  21 kobolds
  3 rats
655 creatures vanquished.

Vanquished Creatures (collateral kills)
  A tengu warrior (D:13)
  A cyclops (D:13)
  A bullfrog (Lair:1)
3 creatures vanquished.

Vanquished Creatures (others)
  A rime drake (Lair:5)
  A bloated husk (Swamp:4)
  A black bear (D:7)
  An orc priest (D:7)
  An orc (D:11)
  26 foxfires
31 creatures vanquished.

Grand Total: 689 creatures vanquished

Notes
Turn   | Place    | Note
-------+----------+-------------------------------------------
     0 | D:1      | RabbitInGlasses the Minotaur Berserker began the quest for
                  | the Orb.
     0 | D:1      | Reached XP level 1. HP: 19/19 MP: 0/0
   141 | D:1      | Reached XP level 2. HP: 25/27 MP: 1/1
   602 | D:2      | Found Qeulasaa's Armour Shop.
   663 | D:2      | Reached ** piety under Trog
   664 | D:2      | Reached skill level 4 in Maces & Flails
   673 | D:2      | Noticed an ogre
   683 | D:2      | Killed an ogre
   684 | D:2      | Reached XP level 3. HP: 33/34 MP: 2/2
   684 | D:2      | Reached XP level 4. HP: 40/41 MP: 3/3
  1086 | D:2      | Noticed Terence
  1097 | D:2      | Killed Terence
  1098 | D:2      | Reached XP level 5. HP: 29/47 MP: 4/4
  1204 | D:2      | Found a faded altar of an unknown god.
  1732 | D:3      | Reached skill level 5 in Fighting
  1735 | D:3      | Reached skill level 5 in Maces & Flails
  2207 | D:3      | Reached *** piety under Trog
  2257 | D:3      | Reached XP level 6. HP: 56/56 MP: 5/5
  2311 | D:3      | Identified the +5 leather armour of the Locust {rC+ rN+}
  2724 | D:4      | Reached skill level 1 in Shields
  2818 | D:4      | Noticed Blork the orc
  2829 | D:4      | Killed Blork the orc
  2843 | D:4      | Reached XP level 7. HP: 17/61 MP: 6/6
  3520 | D:4      | Noticed Edmund
  3534 | D:4      | Killed Edmund
  3535 | D:4      | Reached skill level 5 in Armour
  3617 | D:5      | Entered Level 5 of the Dungeon
  3692 | D:5      | Reached skill level 6 in Maces & Flails
  3762 | D:5      | Reached skill level 5 in Dodging
  4070 | D:5      | Found a glowing silver altar of Zin.
  4207 | D:5      | Reached XP level 8. HP: 71/71 MP: 7/7
  4227 | D:5      | Reached skill level 7 in Maces & Flails
  4320 | D:5      | Reached skill level 5 in Shields
  4568 | D:5      | Found Lutzi's Jewellery Shop.
  4572 | D:5      | Bought a ring of poison resistance for 200 gold pieces
  4885 | D:6      | Found a hide-covered altar of Uskayaw.
  5075 | D:6      | Reached skill level 8 in Maces & Flails
  5311 | D:6      | Reached XP level 9. HP: 72/82 MP: 8/8
  5313 | D:6      | Reached **** piety under Trog
  5756 | D:7      | Noticed a two-headed ogre
  5767 | D:6      | Reached skill level 1 in Stealth
  5866 | D:7      | Reached skill level 9 in Maces & Flails
  6013 | D:7      | Found a flagged portal.
  6028 | Bailey   | Entered a bailey
  6295 | Bailey   | Noticed an orc knight
  6344 | Bailey   | HP: 2/124 [orc knight/+0 trident (9)]
  6354 | Bailey   | Killed an orc knight
  6557 | Bailey   | Noticed an orc knight
  6557 | Bailey   | Noticed an orc knight
  6616 | Bailey   | Killed an orc knight
  6617 | Bailey   | Reached XP level 10. HP: 93/93 MP: 9/9
  6736 | Bailey   | Reached skill level 10 in Fighting
  6766 | Bailey   | Killed an orc knight
  6767 | Bailey   | Reached skill level 10 in Maces & Flails
  6893 | D:7      | Found a shimmering blue altar of Sif Muna.
  6904 | D:7      | Found a shimmering altar of Xom.
  6936 | D:7      | Killed a two-headed ogre
  7350 | D:7      | Found a radiant altar of Vehumet.
  7350 | D:7      | Found a burning altar of Makhleb.
  7373 | D:7      | Found a staircase to the Ecumenical Temple.
  7454 | D:7      | Reached skill level 11 in Maces & Flails
  7971 | D:8      | Reached skill level 10 in Shields
  8023 | D:8      | Reached ***** piety under Trog
  8153 | D:8      | Found a runed translucent gate.
  8153 | D:8      | Found a runed translucent gate.
  8153 | D:8      | Found a runed translucent gate.
  8153 | D:8      | Noticed Beryl's ghost (novice TrSh)
  8155 | D:8      | Found a basalt altar of Yredelemnul.
  8219 | D:8      | Noticed Maggie
  8236 | D:8      | Killed Maggie
  8237 | D:8      | Reached skill level 1 in Throwing
  8699 | D:9      | Noticed a two-headed ogre
  8707 | D:9      | Killed a two-headed ogre
  8755 | D:9      | Found a blossoming altar of Fedhas.
  8840 | D:9      | Found a glowing golden altar of the Shining One.
  8885 | D:9      | Found a staircase to the Lair.
  9111 | D:9      | Reached skill level 12 in Maces & Flails
  9111 | D:9      | Reached XP level 11. HP: 99/99 MP: 10/10
  9401 | D:10     | Entered Level 10 of the Dungeon
  9509 | D:10     | Noticed Josephine
  9522 | D:10     | Killed Josephine
 11059 | D:11     | Found a staircase to the Orcish Mines.
 11067 | D:11     | Received a gift from Trog
 11255 | D:11     | Found a hide-covered altar of Uskayaw.
 11843 | D:12     | Noticed Frances
 11853 | D:12     | Killed Frances
 11854 | D:12     | Reached skill level 13 in Maces & Flails
 11982 | D:12     | Reached skill level 5 in Throwing
 12351 | D:12     | Noticed a two-headed ogre
 12356 | D:12     | Killed a two-headed ogre
 12357 | D:12     | Reached XP level 12. HP: 100/106 MP: 7/11
 12617 | D:12     | Noticed a two-headed ogre
 12626 | D:12     | Killed a two-headed ogre
 12714 | D:13     | Noticed a boulder beetle
 12774 | D:13     | Killed a boulder beetle
 12904 | D:13     | Noticed a tengu warrior
 12905 | D:13     | Noticed a tengu warrior
 13082 | D:8      | Killed Beryl's ghost
 13733 | D:13     | Killed a tengu warrior
 13737 | D:13     | Killed a tengu warrior
 13738 | D:13     | Reached skill level 14 in Maces & Flails
 13868 | D:13     | Noticed a catoblepas
 13918 | D:13     | Noticed a centaur warrior
 13930 | D:13     | Killed a centaur warrior
 14008 | D:13     | Found Rosiuh's Weapon Shop.
 14112 | Lair:1   | Entered Level 1 of the Lair of Beasts
 14122 | Lair:1   | Reached skill level 10 in Armour
 14198 | Lair:1   | Identified the +3 long sword "Ivyryleh" {freeze, Will+
                  | Str+4}
 14272 | Lair:1   | Reached skill level 10 in Dodging
 14300 | Lair:1   | Noticed a catoblepas
 14448 | Lair:1   | Noticed a catoblepas
 14470 | Lair:1   | Killed a catoblepas
 14471 | Lair:1   | Reached XP level 13. HP: 113/113 MP: 0/12
 15107 | Lair:1   | Found a runed translucent door.
 15398 | Lair:1   | Noticed Eugor's ghost (journeyman DECj)
 15627 | Lair:2   | Found a hole to the Spider Nest.
 15911 | Lair:2   | Found a dark tunnel.
 15919 | Volcano  | Entered a volcano
 16212 | Volcano  | Found a burning altar of Makhleb.
 17381 | Lair:3   | Identified the +6 short sword of Equivalence {venom, rElec
                  | Dex+3}
 17433 | Lair:3   | Reached skill level 10 in Throwing
 17440 | Lair:3   | Noticed an eleionoma
 17458 | Lair:3   | Killed an eleionoma
 17476 | Lair:3   | Found a staircase to the Swamp.
 17604 | Lair:3   | Received a gift from Trog
 19474 | Lair:4   | Reached XP level 14. HP: 118/124 MP: 9/13
 19822 | Lair:5   | Entered Level 5 of the Lair of Beasts
 20006 | Lair:5   | Reached ****** piety under Trog
 20149 | Lair:5   | Found a viscous altar of Jiyva.
 20149 | Lair:5   | Found a staircase to the Slime Pits.
 21645 | Lair:5   | Received a gift from Trog
 22073 | Lair:1   | Killed Eugor's ghost
 22180 | Swamp:1  | Entered Level 1 of the Swamp
 22515 | Swamp:1  | Noticed Kirke
 22526 | Swamp:1  | Killed Kirke
 22528 | Swamp:1  | Reached XP level 15. HP: 136/136 MP: 4/14
 23037 | Swamp:2  | Identified the +7 longbow of the Omega Point {antimagic,
                  | rPois rC+++ Dex-3 Stlth-}
 23125 | Swamp:2  | Received a gift from Trog
 23470 | Swamp:2  | Noticed a fenstrider witch
 23475 | Swamp:2  | Killed a fenstrider witch
 23879 | Swamp:3  | Noticed Louise
 23902 | Swamp:3  | Killed Louise
 24194 | Swamp:3  | Reached skill level 15 in Maces & Flails
 24386 | Swamp:3  | Noticed Mlioglotl
 24406 | Swamp:3  | Killed Mlioglotl
 24823 | Swamp:4  | Entered Level 4 of the Swamp
 25251 | Swamp:4  | HP: 5/138 [lindwurm (7)]
 25251 | Swamp:4  | HP: 1/138 [swamp dragon (4)]
 25251 | Swamp:4  | Mangled by a lindwurm

Illustrated notes

Levels and vault maps discovered:
D:1:      wander_arrival_estate, layout_basic, hangedman_feature_mirror
D:2:      layout_loops_ring, serial_shops, shop,
          hellmonk_ecumenical_altar_inner_sanctum, uniq_terence
D:3:      layout_loops_corners
D:4:      kennysheep_six_static_rooms, layout_gridville, uniq_blork_the_orc,
          uniq_edmund
D:5:      layout_cave_pods, mainiacjoe_overflow_24_doors, serial_shops,
          nicolae_shop_back_alley_shop, minmay_misc_feat_rows,
          minmay_joined_circles
D:6:      layout_basic, marbit_many_paths
D:7:      layout_gridville, grunt_temple_overflow_lords_of_destruction,
          xom_confusion_cloud, mainiacjoe_overflow_alcove_1,
          minmay_temple_entry_butterflies, enter_bailey_3
D:8:      layout_basic, nicolae_yredelemnul_ghost_church, uniq_maggie
D:9:      layout_roguey, nicolae_tso_carved_into_rock,
          overflow_temple_1_default, minivault_27
D:10:     layout_cave_pools, minivault_21, minmay_misc_feat_roman,
          uniq_josephine
D:11:     nicolae_hitomezashi [nicolae_hito_row, nicolae_hito_row,
          nicolae_hito_row, nicolae_hito_row, nicolae_hito_row,
          nicolae_hito_row, nicolae_hito_row, nicolae_hito_row,
          nicolae_hito_row, nicolae_hito_row, nicolae_hito_row,
          nicolae_hito_row, nicolae_hito_row, nicolae_hito_row,
          nicolae_hito_row, nicolae_hito_row, nicolae_hito_row,
          nicolae_hito_row], layout_rooms, hiddenorc2_lemuel,
          nicolae_uskayaw_suspiria
D:12:     layout_loops_ring, uniq_frances
D:13:     layout_rooms, serial_shops, nicolae_shop_bloodbath_and_beyond,
          nicolae_trove_entry_crystal
Lair:1:   layout_hall_layers, ebering_ghost_reflecting_pool,
          beast_lair_carwin_6, grunt_megastairs_5, lemuel_fruit_tree
Lair:2:   layout_loops_ring, spider_nest_entry_webs,
          lightli_volcano_entry_magma_tube, wad_woods_road_04
Lair:3:   beast_lair_carwin_large_3, layout_regular_city,
          alex1729_swamp_entry_worm_eleionoma, minivault_24
Lair:4:   layout_roguey
Lair:5:   gammafunk_lair_ancient_temple, layout_gridlike,
          dpeg_slime_entry_enclosed, chequers_serial_rivers_micro_d,
          infiniplex_staircase_pool, serial_bayou_shore_a
Swamp:1:  layout_falls_marsh, nicolae_swamp_well_well_well, swamp_pool_4,
          nicolae_swamp_fairy_circle, uniq_kirke
Swamp:2:  layout_basic_swamp, nicolae_swamp_long_stream,
          nicolae_swamp_rocky_clearing, cheibrodos_swamp_witchery
Swamp:3:  layout_basic_swamp, nicolae_swamp_dense_foliage, st_swamp_ruins_3,
          uniq_mlioglotl, uniq_louise
Swamp:4:  swamp_alternative, layout_basic_swamp

Skill      XL: |  1  2  3  4  5  6  7  8  9 10 11 12 13 14 15 |
---------------+----------------------------------------------+-----
Fighting       | 4 5 6 8 9 10 11 13 14 | 14.2
Maces & Flails | 4 5 6 8 9 12 13 14 15 | 15.3
Armour         | 3 4 5 8 10 11 13 14 | 14.2
Dodging        | 3 4 5 7 10 11 12 13 | 13.6
Shields        | 2 3 6 8 10 11 13 14 | 14.2
Stealth        | 3 4 |  4.0
Throwing       | 2 5 8 10 | 10.0

Action                     |  1- 3 |  4- 6 |  7- 9 | 10-12 | 13-15 || total
---------------------------+-------+-------+-------+-------+-------++-------
  Melee: Mace              |    34 |    91 |       |       |       ||   125
         Punch             |     1 |       |       |       |       ||     1
         Headbutt          |     2 |    24 |    67 |   176 |   317 ||   586
         Flail             |       |    68 |   327 |   756 |   917 ||  2068
         Eveningstar       |       |       |       |       |   141 ||   141
         Morningstar       |       |       |       |       |   193 ||   193
  Throw: Stone             |       |       |     1 |     9 |       ||    10
         Dart              |       |       |       |     4 |     6 ||    10
 Invoke: Berserk           |     1 |       |     2 |     4 |     9 ||    16
         Trog's Hand       |       |       |     1 |     2 |     7 ||    10
         Brothers in Arms  |       |       |       |     2 |       ||     2
    Use: Scroll            |       |       |     5 |     4 |     4 ||    13
         Potion            |       |       |       |     4 |     2 ||     6
   Stab: Sleeping          |       |       |       |     4 |     3 ||     7
         Distracted        |       |       |       |     1 |       ||     1
         Petrifying        |       |       |       |     2 |       ||     2
 Armour: Animal skin       |    13 |       |       |       |       ||    13
         Chain mail        |     3 |    66 |       |       |       ||    69
         Plate armour      |       |     7 |       |       |  1002 ||  1009
         Leather armour    |       |    38 |   195 |   165 |       ||   398
         Acid dragon scale |       |       |       |   252 |    83 ||   335
  Dodge: Dodged            |    20 |    86 |   164 |   385 |   522 ||  1177
  Block: Kite shield       |       |    25 |   189 |   469 |   632 ||  1315
         Tower shield      |       |       |       |       |   267 ||   267

Table legend: (Time is in decaauts)
 A = Elapsed time spent in this place.
 B = Non-inter-level travel time spent in this place.
 C = Inter-level travel time spent in this place.
 D = Time resting spent in this place.
 E = Time spent auto-exploring this place.
 F = Levels seen in this place.
 G = Mean time per level.
                   A        B        C        D        E       F      G
               +--------+--------+--------+--------+--------+-----+--------+
         Total |  25496 |  24138 |   1358 |   3117 |  14224 |  24 | 1062.3 |
       Dungeon |  13350 |  12354 |    996 |   1555 |   7606 |  13 | 1026.9 |
          Lair |   7394 |   7091 |    303 |    197 |   4867 |   5 | 1478.8 |
         Swamp |   3351 |   3292 |     59 |    775 |   1555 |   4 |  837.8 |
        Bailey |    865 |    865 |      0 |    486 |     72 |   1 |  865.0 |
       Volcano |    535 |    535 |      0 |    103 |    123 |   1 |  535.0 |
               +--------+--------+--------+--------+--------+-----+--------+

Top non-repeatable levels by time:
  Lair:5: 2104 daAuts
  Lair:3: 1554 daAuts
    D:12: 1399 daAuts
     D:8: 1393 daAuts
  Lair:1: 1374 daAuts
     D:5: 1348 daAuts
  Lair:4: 1214 daAuts
  Lair:2: 1146 daAuts
 Swamp:3: 1134 daAuts
    D:11: 1122 daAuts
     D:3: 1077 daAuts
     D:2: 1055 daAuts
     D:4: 1041 daAuts
     D:9: 1029 daAuts
     D:6: 1003 daAuts
